 Dungeon Crawl Stone Soup version 0.22.0-38-g04b72b8 (webtiles) character file.

66 Lew the Ducker (level 4, 21/41 HPs)
             Began as a Gnoll Monk on Aug 28, 2018.
             Quit the game on level 2 of the Dungeon.
             The game lasted 00:02:05 (1595 turns).

Lew the Ducker (Gnoll Monk)                         Turns: 1595, Time: 00:02:05

Health: 21/41      AC:  5    Str: 14    XL:     4   Next: 15%
Magic:  5/5        EV: 14    Int: 13    God:
Gold:   35         SH:  0    Dex: 17    Spells: 5/5 levels left

rFire    . . .     SeeInvis .   a - +0 hand axe
rCold    . . .     Gourm    .   (no shield)
rNeg     . . .     Faith    .   i - +0 ring mail
rPois    .         Spirit   .   (no helmet)
rElec    .         Reflect  .   (no cloak)
rCorr    .         Harm     .   (no gloves)
MR       .....                  (no boots)
Stlth    ++........             (no amulet)
HPRegen  0.13/turn              (no ring)
MPRegen  0.09/turn              (no ring)

@: quite poisoned (21 -> 13)
A: distributed training, fangs 1, strong nose
a: no special abilities


You were on level 2 of the Dungeon.
You were very hungry.

You visited 1 branch of the dungeon, and saw 2 of its levels.

You collected 35 gold pieces.

Inventory:

Hand Weapons
 a - a +0 hand axe (weapon)
Armour
 i - a +0 ring mail (worn)
Scrolls
 b - a scroll of teleportation {unknown}
 g - 3 scrolls of remove curse
Potions
 h - 2 potions of agility
Comestibles
 c - 3 rations


   Skills:
 + Level 6.5 Fighting
 + Level 1.0 Short Blades
 + Level 1.0 Long Blades
 + Level 6.5 Axes
 + Level 1.0 Maces & Flails
 + Level 1.0 Polearms
 + Level 1.0 Staves
 + Level 1.0 Slings
 + Level 1.0 Bows
 + Level 1.0 Crossbows
 + Level 1.0 Throwing
 + Level 1.0 Armour
 + Level 6.5 Dodging
 + Level 4.2 Stealth
 + Level 1.0 Shields
 + Level 1.0 Unarmed Combat
 + Level 1.0 Spellcasting
 + Level 0.7 Conjurations
 + Level 0.7 Hexes
 + Level 0.7 Charms
 + Level 0.7 Summonings
 + Level 0.7 Necromancy
 + Level 0.7 Translocations
 + Level 0.7 Transmutations
 + Level 0.7 Fire Magic
 + Level 0.7 Ice Magic
 + Level 0.7 Air Magic
 + Level 0.7 Earth Magic
 + Level 0.7 Poison Magic
 + Level 1.1 Invocations
 + Level 1.0 Evocations


You had 5 spell levels left.
You didn't know any spells.
Your spell library was empty.

Dungeon Overview and Level Annotations

Branches:
Dungeon (2/15)

Altars:


Innate Abilities, Weirdness & Mutations

Your experience applies equally to all skills.
You have very sharp teeth.
Your uncanny sense of smell can sniff out nearby items.


Message History

You feel sick. The adder bites you but does no damage.
You hit the adder. Your bite misses the adder.
The adder is moderately wounded.
You feel sick. The adder bites you.
You are more poisoned.
The adder poisons you! The adder barely misses you.
You hit the adder. Your bite misses the adder.
The adder is almost dead.
You feel sick. The adder bites you.
You barely miss the adder.
The adder is almost dead.
You feel sick. The adder bites you.
You closely miss the adder.
The adder is almost dead.
You feel sick. The adder misses you. x2
You hit the adder.
You kill the adder!
You feel sick.
No target in view!
Are you sure you want to abandon this character and quit the game? (Confirm with "yes".)

#.# #.# #.# #.# #.#
#.# #.#######.##
....<......########
#.#######..##.#.#.##
....# ##...#.......#
....###.###.#>#.#.##
........# #....)@..#
....###.# #.#.#)#.##
....# ##...#.......#
#.#### #####.#.#.##
#.##.. ...###.#
#.##.# ##### ..
#.##.# #.. .....#
##### .... #.
.....####...#####...
#.#.


There were no monsters in sight!

Vanquished Creatures
  2 adders (D:2)
  5 dart slugs
  2 worms (D:2)
  A leopard gecko (D:2)
  2 ball pythons
  5 bats (D:1)
  3 goblins
  5 hobgoblins
  2 jackals (D:2)
  A kobold (D:1)
  3 frilled lizards (D:2)
  A rat (D:1)
32 creatures vanquished.

Notes
Turn   | Place    | Note
-------+----------+-------------------------------------------
     0 | D:1      | Lew the Gnoll Monk began the quest for the Orb.
     0 | D:1      | Reached XP level 1. HP: 23/23 MP: 1/1
   429 | D:1      | Reached XP level 2. HP: 29/29 MP: 2/2
  1129 | D:2      | Reached XP level 3. HP: 26/35 MP: 3/3
  1159 | D:2      | Reached skill level 1 in Invocations
  1552 | D:2      | Reached skill level 1 in Short Blades
  1552 | D:2      | Reached skill level 1 in Long Blades
  1552 | D:2      | Reached skill level 1 in Maces & Flails
  1552 | D:2      | Reached skill level 1 in Polearms
  1552 | D:2      | Reached skill level 1 in Staves
  1552 | D:2      | Reached skill level 1 in Slings
  1552 | D:2      | Reached skill level 1 in Bows
  1552 | D:2      | Reached skill level 1 in Crossbows
  1552 | D:2      | Reached skill level 1 in Throwing
  1552 | D:2      | Reached skill level 1 in Armour
  1552 | D:2      | Reached skill level 1 in Shields
  1552 | D:2      | Reached skill level 1 in Unarmed Combat
  1552 | D:2      | Reached skill level 1 in Spellcasting
  1552 | D:2      | Reached skill level 1 in Evocations
  1579 | D:2      | Reached XP level 4. HP: 40/41 MP: 5/5
  1595 | D:2      | Quit the game

Skill      XL: |  1  2  3 |
---------------+----------+-----
Invocations    | 1 |  1.1
Short Blades   | 1 |  1.0
Long Blades    | 1 |  1.0
Maces & Flails | 1 |  1.0
Polearms       | 1 |  1.0
Staves         | 1 |  1.0
Slings         | 1 |  1.0
Bows           | 1 |  1.0
Crossbows      | 1 |  1.0
Throwing       | 1 |  1.0
Armour         | 1 |  1.0
Shields        | 1 |  1.0
Unarmed Combat | 1 |  1.0
Spellcasting   | 1 |  1.0
Evocations     | 1 |  1.0
Fighting       | |  6.5
Axes           | |  6.5
Dodging        | |  6.5
Stealth        | |  4.2
Conjurations   | |  0.7
Hexes          | |  0.7
Charms         | |  0.7
Summonings     | |  0.7
Necromancy     | |  0.7
Translocations | |  0.7
Transmutations | |  0.7
Fire Magic     | |  0.7
Ice Magic      | |  0.7
Air Magic      | |  0.7
Earth Magic    | |  0.7
Poison Magic   | |  0.7

Action                   |  1- 3 |  4- 6 || total
-------------------------+-------+-------++-------
Melee: Hand axe          |   110 |    13 ||   123
       Bite              |    17 |     1 ||    18
       Punch             |     2 |       ||     2
  Use: Scroll            |     4 |       ||     4
 Stab: Sleeping          |     6 |     1 ||     7
  Eat: Chunk             |     1 |       ||     1
Armor: Robe              |    12 |       ||    12
       Ring mail         |    15 |     3 ||    18
Dodge: Dodged            |    93 |     6 ||    99
